 Dungeon Crawl Stone Soup version 0.22-a0-247-gbddf880 (webtiles) character file.

2846 Amnesiac the Destroyer (level 9, 0/49 HPs)
             Began as a Deep Elf Ice Elementalist on Feb 24, 2018.
             Was a Believer of Vehumet.
             Slain by a killer bee (6 damage)
             ... on level 7 of the Dungeon.
             The game lasted 00:33:22 (8040 turns).

Amnesiac the Destroyer (Deep Elf Ice Elementalist)  Turns: 8040, Time: 00:33:22

Health: 0/49       AC: 11    Str:  5    XL:     9   Next: 46%
Magic:  8/22       EV: 14    Int: 24    God:    Vehumet [**....]
Gold:   565        SH:  0    Dex: 15    Spells: 11/23 levels left

rFire    . . .     SeeInvis .   a - +0 hunting sling
rCold    . . .     Gourm    .   (no shield)
rNeg     + . .     Faith    .   k - +0 robe
rPois    .         Spirit   .   (no helmet)
rElec    .         Reflect  .   z - +0 cloak
rCorr    .         Harm     .   (no gloves)
MR       .....                  y - +0 pair of boots
Stlth    ++........             J - amulet of magic regeneration
HPRegen  0.16/turn              t - ring of positive energy
MPRegen  0.43/turn              (no ring)

@: lethally poisoned (0 -> -6), icy armour, slow
A: no striking features
a: Renounce Religion


You were on level 7 of the Dungeon.
You worshipped Vehumet.
Vehumet was pleased with you.
You were not hungry.

You visited 1 branch of the dungeon, and saw 7 of its levels.
You also visited: Ossuary.

You collected 565 gold pieces.

Inventory:

Hand Weapons
 a - a +0 hunting sling (weapon)
 b - a +2 dagger of venom
 v - a +4 quarterstaff of chaos
 w - a +0 blowgun
 G - a +1 flail of draining
Missiles
 l - 80 stones (quivered)
 x - 49 poisoned needles
 D - 12 sling bullets
 K - 42 arrows
Armour
 k - a +0 robe (worn)
 y - a +0 pair of boots (worn)
 z - a +0 cloak (worn)
Jewellery
 f - an uncursed amulet of regeneration
 n - an uncursed ring of fire
 t - a ring of positive energy (left hand)
 J - an amulet of magic regeneration (around neck)
Wands
 j - a wand of random effects (30)
 u - a wand of clouds (6)
 A - a wand of iceblast (5)
Scrolls
 d - a scroll of random uselessness {!r, unknown}
 e - 4 scrolls of remove curse {!r}
 g - a scroll of immolation {!r, unknown}
 i - 3 scrolls of amnesia {!r, unknown}
 m - 3 scrolls of enchant armour {!r, unknown}
 p - 4 scrolls of identify {!r}
 q - 2 scrolls of fog {!r, unknown}
 r - 7 scrolls of teleportation {!r}
 s - a scroll of fear {!r, unknown}
Potions
 c - a potion of degeneration {!q, unknown}
 h - 2 potions of flight {!q}
 o - a potion of haste {!q}
 C - 2 potions of ambrosia {!q, unknown}
 E - a potion of might {!q, unknown}
 F - a potion of curing {!q}
 I - a potion of brilliance {!q, unknown}
Comestibles
 B - 6 rations


   Skills:
 - Level 2.9 Fighting
 - Level 3.5 Dodging
 - Level 2.4 Stealth
 + Level 7.6 Spellcasting
 * Level 9.0 Conjurations
 * Level 8.9 Ice Magic


You had 11 spell levels left.
You knew the following spells:

 Your Spells              Type           Power        Failure   Level  Hunger
a - Freeze                Ice            ####         1%          1    None
b - Ozocubu's Armour      Chrm/Ice       ####....     3%          3    None
c - Summon Ice Beast      Ice/Summ       ####....     11%         4    ###....
d - Throw Icicle          Conj/Ice       ######..     1%          4    ###....


Dungeon Overview and Level Annotations

Branches:
Dungeon (7/15)             Temple (0/1) D:7

Altars:
Cheibriados
Fedhas
Gozag
Nemelex Xobeh
Okawaru
Sif Muna
Uskayaw
Vehumet
Wu Jian
The Shining One

Shops:
D:3 *


Message History

Press: ? - help, Shift-Dir - straight line, f/p - killer bee
Aim: a killer bee (almost dead)
You freeze the killer bee.
You kill the killer bee!
Vehumet accepts your kill.
You feel your power returning.
The ogre shouts!
You feel sick.
The killer bee completely misses you. x2
Unknown command.
Casting: Freeze (safe; 1% risk of failure)
Confirm with . or Enter, or press ? or * to list all spells.
Aiming: Freeze (safe; 1% risk of failure)
Press: ? - help, Shift-Dir - straight line, f - killer bee
Aim: a killer bee You freeze the killer bee.
The killer bee is lightly wounded.
You feel sick.
The killer bee stings you but does no damage.
The killer bee stings you.
* * * LOW HITPOINT WARNING * * *
Casting: Freeze (safe; 1% risk of failure)
Confirm with . or Enter, or press ? or * to list all spells.
Aiming: Freeze (safe; 1% risk of failure)
Press: ? - help, Shift-Dir - straight line, f/p - killer bee
Aim: a killer bee (lightly wounded)
You freeze the killer bee.
The killer bee is moderately wounded.
* * * LOW HITPOINT WARNING * * *
You feel sick. The killer bee closely misses you.
The killer bee completely misses you.
Unknown command.
Casting: Freeze (safe; 1% risk of failure)
Confirm with . or Enter, or press ? or * to list all spells.
Aiming: Freeze (safe; 1% risk of failure)
Press: ? - help, Shift-Dir - straight line, f/p - killer bee
Aim: a killer bee (moderately wounded)
You freeze the killer bee.
The killer bee is moderately wounded.
* * * LOW HITPOINT WARNING * * *
You feel sick.
The killer bee stings you but does no damage.
The killer bee closely misses you.
Unknown command.
Casting: Freeze (safe; 1% risk of failure)
Confirm with . or Enter, or press ? or * to list all spells.
Aiming: Freeze (safe; 1% risk of failure)
Press: ? - help, Shift-Dir - straight line, f/p - killer bee
Aim: a killer bee (moderately wounded)
You freeze the killer bee.
The killer bee is almost dead.
* * * LOW HITPOINT WARNING * * *
You feel sick. The killer bee closely misses you.
The killer bee barely misses you.
Unknown command.
Casting: Freeze (safe; 1% risk of failure)
Confirm with . or Enter, or press ? or * to list all spells.
Aiming: Freeze (safe; 1% risk of failure)
Press: ? - help, Shift-Dir - straight line, f/p - killer bee
Aim: a killer bee (almost dead)
You freeze the killer bee.
The killer bee is almost dead.
* * * LOW HITPOINT WARNING * * *
You feel sick. The killer bee stings you.
You die...

### #.. #.y #.. #.. ..
#########+###.=#######..
.......>...##..#........
...........#...y†.......
...........#...#@.O.....
...........#...#........
...[.......#####........
.#'####............#####
.#....#............#
.#....#.[[.........#
.#....'.<[.........#
.#....#............####
##....#########.........


You could see an ogre and a killer bee.

Vanquished Creatures
  The ghost of mortelune the Chiller, a novice DsIE of Ashenzari (D:6)
  A hungry ghost (D:7)
  An ice beast (D:5)
  3 sky beasts
  3 ogres
  A phantom (D:5)
  A centaur (D:6)
  An elf zombie (Ossuary)
  A bullfrog (D:7)
  A scorpion (D:7)
  5 killer bees (D:7)
  2 crimson imps (D:5)
  A centaur zombie (Ossuary)
  A hound (D:4)
  A human zombie (Ossuary)
  A jelly (D:6)
  Crazy Yiuf (D:4)
  2 bullfrog skeletons
  2 orc priests
  2 orc wizards (D:7)
  Natasha (thrice) (D:2)
  4 worker ants
  2 big kobold zombies (Ossuary)
  2 hound skeletons (D:5)
  A mummy (Ossuary)
  3 gnolls (D:3)
  4 adders
  A shadow imp (D:5)
  An adder zombie (D:5)
  2 worms
  4 leopard geckos
  9 orcs
  6 giant cockroaches
  4 gnoll zombies (Ossuary)
  7 goblins
  7 hobgoblins
  6 jackals
  9 kobolds
  2 quokkas
  2 ball pythons (D:1)
  9 bats
  4 frilled lizards
  A giant cockroach zombie (D:4)
  3 goblin zombies (Ossuary)
  A hobgoblin zombie (Ossuary)
  A jackal skeleton (D:4)
  A leopard gecko zombie (D:6)
  A quokka skeleton (D:5)
  9 rats
141 creatures vanquished.

Vanquished Creatures (collateral kills)
  Edmund (D:6)
  3 orc warriors
  A phantom (D:6)
  An elf zombie (Ossuary)
  2 orc priests
  A mummy (Ossuary)
  2 orcs (D:7)
11 creatures vanquished.

Grand Total: 152 creatures vanquished

Notes
Turn   | Place    | Note
-------+----------+-------------------------------------------
     0 | D:1      | Amnesiac the Deep Elf Ice Elementalist began the quest for the Orb.
     0 | D:1      | Reached XP level 1. HP: 10/10 MP: 6/6
    77 | D:1      | Reached skill level 1 in Fighting
   212 | D:1      | Reached XP level 2. HP: 16/16 MP: 6/8
   876 | D:2      | Reached XP level 3. HP: 21/21 MP: 7/9
   951 | D:2      | Noticed Natasha
  1497 | D:2      | Killed Natasha
  1497 | D:2      | Reached XP level 4. HP: 19/27 MP: 6/10
  1843 | D:3      | You fall through a shaft for 2 floors!
  1843 | D:5      | Entered Level 5 of the Dungeon
  1844 | D:5      | Noticed a sky beast
  1854 | D:5      | Found a sand-covered staircase.
  2018 | D:4      | Noticed a sky beast
  2024 | D:4      | Found a radiant altar of Vehumet.
  2035 | D:4      | Became a worshipper of Vehumet
  2120 | Ossuary  | Entered an ossuary
  2151 | Ossuary  | Learned a level 3 spell: Ozocubu's Armour
  2156 | Ossuary  | Learned a level 4 spell: Throw Icicle
  2185 | Ossuary  | Reached XP level 5. HP: 15/32 MP: 12/12
  2544 | Ossuary  | Reached skill level 3 in Conjurations
  2768 | Ossuary  | Reached XP level 6. HP: 8/36 MP: 13/13
  2840 | Ossuary  | Learned a level 4 spell: Summon Ice Beast
  3251 | Ossuary  | Reached skill level 4 in Conjurations
  3846 | D:4      | Found an iron altar of Okawaru.
  3949 | D:4      | Killed a sky beast
  3949 | D:4      | Reached XP level 7. HP: 28/40 MP: 0/15
  4041 | D:4      | Reached skill level 5 in Conjurations
  4308 | D:4      | Found a sparkling altar of Nemelex Xobeh.
  4311 | D:4      | Found a blossoming altar of Fedhas.
  4313 | D:4      | Found an ornate altar of the Wu Jian Council.
  4366 | D:4      | Found a runed door.
  4524 | D:4      | Noticed Crazy Yiuf
  4527 | D:4      | Killed Crazy Yiuf
  4611 | D:3      | Found Gozag's Platinum Reserve.
  4614 | D:3      | Found an opulent altar of Gozag.
  4687 | D:3      | Reached skill level 5 in Ice Magic
  4743 | D:2      | Noticed Natasha
  4749 | D:2      | Killed Natasha
  5176 | D:2      | Noticed Natasha
  5192 | D:2      | Killed Natasha
  5192 | D:2      | Reached * piety under Vehumet
  5192 | D:2      | Offered knowledge of Sandblast by Vehumet.
  5437 | D:3      | Found a snail-covered altar of Cheibriados.
  5473 | D:3      | Found a glowing golden altar of the Shining One.
  5988 | D:5      | Reached skill level 5 in Spellcasting
  6331 | D:5      | Reached skill level 6 in Conjurations
  6368 | D:5      | Reached XP level 8. HP: 45/45 MP: 6/18
  6897 | D:6      | Noticed Edmund
  6950 | D:6      | Reached skill level 7 in Conjurations
  7035 | D:6      | Killed Edmund
  7089 | D:6      | Offered knowledge of Throw Flame by Vehumet.
  7253 | D:6      | Found a deep blue altar of Sif Muna.
  7304 | D:6      | Reached ** piety under Vehumet
  7524 | D:7      | Reached skill level 8 in Conjurations
  7524 | D:7      | Reached XP level 9. HP: 48/49 MP: 2/21
  7539 | D:7      | Found a deep blue altar of Sif Muna.
  7539 | D:7      | Found a hide-covered altar of Uskayaw.
  7709 | D:7      | Found a staircase to the Ecumenical Temple.
  7838 | D:6      | Noticed mortelune's ghost (novice DsIE)
  7860 | D:6      | Killed mortelune's ghost
  8030 | D:7      | Reached skill level 9 in Conjurations
  8040 | D:7      | Slain by a killer bee

Vault maps used:
D:1:      eino_arrival_cavern_d
D:2:      uniq_natasha
D:3:      tso_oasis_becter, marbit_many_paths, nicolae_gozag_zags_fifth_avenue
D:4:      old_standard_altar, grunt_temple_overflow_open, lemuel_round_altar,
          uniq_crazy_yiuf_cottage
D:5:      nicolae_ossuary_entry_ruins, first_ration
D:6:      lemuel_blue_sif_altar, uniq_edmund
D:7:      minitemple, minmay_temple_entry_fiery
Ossuary:  minmay_ossuary_gauntlet

Skill      XL: |  1  2  3  4  5  6  7  8  9 |
---------------+----------------------------+-----
Fighting       | 1 2 |  2.9
Dodging        | 3 |  3.5
Conjurations   | 3 4 6 8 9 |  9.0
Spellcasting   | 4 5 6 7 |  7.6
Ice Magic      | 4 6 8 |  8.9
Stealth        | |  2.4

Action                   |  1- 3 |  4- 6 |  7- 9 || total
-------------------------+-------+-------+-------++-------
Melee: Quarterstaff      |       |    19 |       ||    19
       Dagger            |       |    70 |       ||    70
       Hunting sling     |       |       |     1 ||     1
 Fire: Hunting sling     |    33 |   152 |   229 ||   414
 Cast: Freeze            |    66 |    16 |   103 ||   185
       Ozocubu's Armour  |       |     4 |     4 ||     8
       Throw Icicle      |       |    13 |    32 ||    45
       Summon Ice Beast  |       |     5 |    11 ||    16
  Use: Scroll            |       |     6 |       ||     6
       Potion            |       |    11 |       ||    11
  Eat: Chunk             |     2 |     2 |    11 ||    15
       Ration            |       |     4 |     1 ||     5
Armor: Robe              |    11 |    68 |    39 ||   118
Dodge: Dodged            |    49 |   140 |   143 ||   332

Table legend:
 A = Spawn XP
 B = Non-spawn XP
 C = Spawn XP percentage of total XP
 D = Spawn monster count
 E = Non-spawn monster count
 F = Spawn count percentage of total count
 G = Total turns spent on level
                    A         B        C        D         E        F      G
               +---------+---------+-------+---------+---------+-------+---------
         Total |       0 |    4066 |   0.0 |       0 |     152 |   0.0 |  8040
               +---------+---------+-------+---------+---------+-------+---------
           D:1 |       0 |      40 |   0.0 |       0 |      24 |   0.0 |   906
           D:2 |       0 |     154 |   0.0 |       0 |      24 |   0.0 |  1118
           D:3 |       0 |      95 |   0.0 |       0 |      25 |   0.0 |  1132
           D:4 |       0 |     381 |   0.0 |       0 |      12 |   0.0 |  1093
           D:5 |       0 |     792 |   0.0 |       0 |      16 |   0.0 |  1128
           D:6 |       0 |    1293 |   0.0 |       0 |      14 |   0.0 |   761
           D:7 |       0 |     978 |   0.0 |       0 |      21 |   0.0 |   342
       Ossuary |       0 |     333 |   0.0 |       0 |      16 |   0.0 |  1560
               +---------+---------+-------+---------+---------+-------+---------
